Map: Eternal Empire LE

Players

NinjaKWick - Winner!

  • Race: Terran Terran
  • League: Master
  • Spawn Location: 7:00

A.I. 1 (Elite)

  • Race: Zerg Zerg
  • Spawn Location: 1:00

VOD

Have the link to the VOD?

Description

Time

  • Played on: May 22, 2020, 7:28 p.m.
  • Length: 10:09
Show
View Real Time Build Order
Export as new Build Order

NinjaKWick Terran - Winner!

Build Orders: Hellion Opening, Liberator Opening, Reaper Expand, Mech 

Get SALT Encoding   

  12  0:02  SCV  
  13  0:14  SCV  
  14  0:18  Supply Depot  
  14  0:26  SCV  
  15  0:39  SCV  
  15  0:41  Barracks  
  16  0:46  Refinery  
  16  0:52  SCV  
  17  1:04  SCV  
  18  1:16  SCV  
  19  1:28  Orbital Command  
  19  1:29  Reaper  
  20  1:43  Command Center  
  20  1:54  SCV  
  21  1:58  Supply Depot  
  21  2:01  Marine  
  21  2:06  SCV  
  23  2:10  Factory  
  23  2:22  SCV  
  24  2:25  Barracks Reactor  
  24  2:30  Refinery  
  24  2:34  SCV  
  25  2:46  SCV  
  26  2:57  Orbital Command  
  26  2:58  SCV  
  26  3:02  Starport  
  27  3:09  Hellion x2  
  27  3:10  SCV  
  32  3:19  Barracks Tech Lab  
  32  3:23  SCV x2  
  34  3:30  Supply Depot  
  34  3:31  Hellion x2  
  38  3:37  SCV  
  39  3:44  Medivac  
  39  3:46  SCV  
  42  3:49  SCV  
  42  3:50  Armory  
  42  3:51  Refinery  
  42  3:53  Supply Depot  
  43  3:57  Hellion  
  43  3:59  Hellion  
  43  4:02  SCV x2  
  49  4:14  SCV  
  49  4:15  SCV  
  49  4:16  Liberator  
  54  4:20  Hellion  
  54  4:21  Hellion  
  58  4:26  SCV  
  58  4:29  SCV  
  60  4:33  Supply Depot  
  60  4:38  SCV  
  60  4:45  Hellion  
  62  4:54  SCV x2  
  62  4:55  Hellion  
  66  5:02  Command Center  
  58  5:17  SCV x2  
  58  5:18  Hellion x2  
  64  5:22  Barracks Tech Lab  
  64  5:27  Starport Reactor  
  58  5:29  SCV  
  58  5:30  SCV, Factory  
  58  5:32  Factory  
  58  5:40  Hellion x2, Supply Depot  
  58  5:41  SCV  
  63  5:43  SCV  
  63  5:46  Refinery  
  63  5:49  Terran Vehicle Weapons Level 1  
  64  5:51  Supply Depot  
  64  5:53  Armory, SCV  
  65  5:58  SCV  
  65  6:02  Hellion x2  
  70  6:05  SCV  
  70  6:10  SCV  
  72  6:14  Orbital Command  
  72  6:17  SCV  
  73  6:19  Thor  
  79  6:27  Thor  
  79  6:28  Hellion x2  
  79  6:29  Medivac  
  79  6:30  Medivac  
  79  6:31  SCV  
  79  6:32  SCV  
  95  6:34  Orbital Command  
  95  6:39  Supply Depot  
  95  6:41  Supply Depot  
  95  6:49  SCV  
  95  6:51  SCV  
  97  6:56  Hellion x2  
  97  7:00  SCV  
  103  7:01  SCV  
  103  7:02  Infernal Pre-Igniter  
  103  7:05  Refinery  
  103  7:08  Siege Tank  
  103  7:09  SCV, Refinery  
  103  7:13  SCV x2, Terran Vehicle And Ship Armor Level 1  
  103  7:14  Supply Depot  
  109  7:16  Supply Depot  
  109  7:21  SCV  
  110  7:25  SCV x2  
  110  7:28  Command Center  
  112  7:32  Supply Depot  
  112  7:33  SCV, Supply Depot  
  112  7:35  Hellion x2  
  117  7:37  SCV  
  117  7:43  SCV  
  119  7:45  SCV  
  119  7:47  Terran Vehicle Weapons Level 2  
  120  7:55  SCV  
  120  7:57  Siege Tank x2  
  127  8:01  Factory  
  127  8:02  SCV x2  
  127  8:03  Supply Depot  
  129  8:07  Supply Depot, Factory  
  129  8:11  SCV  
  130  8:13  Hellion x2  
  130  8:14  SCV x2  
  134  8:23  SCV  
  134  8:24  Viking x2  
  134  8:25  Command Center  
  139  8:31  Siege Tank x2  
  145  8:34  SCV  
  145  8:38  Hellion  
  145  8:39  Hellion  
  150  8:42  Supply Depot  
  150  8:43  SCV  
  150  8:44  SCV  
  150  8:46  Engineering Bay  
  150  8:47  Supply Depot  
  152  8:53  Factory Tech Lab x2  
  152  8:56  SCV  
  153  9:13  Supply Depot  
  153  9:14  Supply Depot  
Show
View Real Time Build Order
Export as new Build Order

A.I. 1 (Elite) Zerg 

Build Orders: Hatch First 

Get SALT Encoding   

  12  0:00  Drone  
  13  0:12  Overlord  
  13  0:16  Drone  
  14  0:30  Drone  
  14  0:31  Drone  
  14  0:34  Drone  
  17  0:54  Hatchery  
  17  0:56  Drone  
  17  1:13  Spawning Pool  
  17  1:14  Extractor  
  17  1:16  Drone  
  16  1:20  Drone  
  16  1:24  Drone  
  18  1:28  Drone  
  19  1:38  Overlord  
  19  1:49  Drone  
  20  2:00  Zergling x2  
  21  2:01  Queen  
  21  2:05  Drone  
  24  2:17  Queen  
  24  2:20  Drone  
  27  2:31  Roach Warren  
  27  2:34  Drone  
  26  2:38  Drone  
  26  2:41  Extractor  
  26  2:43  Drone  
  26  2:46  Zergling x2  
  26  2:51  Drone  
  26  2:56  Drone  
  27  3:04  Overlord  
  27  3:08  Drone  
  27  3:11  Drone  
  29  3:14  Drone  
  29  3:19  Drone  
  31  3:21  Zergling x2  
  31  3:24  Drone  
  32  3:28  Zergling x2  
  32  3:31  Zergling x2  
  34  3:36  Roach  
  34  3:39  Roach  
  37  3:42  Drone  
  37  3:46  Roach  
  40  3:50  Roach  
  40  3:53  Drone  
  43  3:55  Drone  
  43  4:01  Overlord  
  44  4:08  Lair  
  44  4:12  Metabolic Boost  
  44  4:19  Drone  
  44  4:20  Drone  
  44  4:22  Drone  
  47  4:24  Drone  
  47  4:26  Drone  
  47  4:29  Drone  
  50  4:31  Drone  
  50  4:35  Overlord  
  51  4:39  Drone  
  51  4:42  Evolution Chamber  
  51  4:43  Drone  
  52  4:49  Evolution Chamber, Drone  
  52  4:53  Drone x2  
  52  4:58  Drone  
  55  5:00  Drone  
  55  5:01  Drone  
  55  5:04  Overlord  
  56  5:12  Hydralisk Den  
  50  5:17  Drone  
  50  5:20  Infestation Pit, Drone  
  48  5:25  Zergling x2  
  33  5:28  Drone  
  33  5:33  Zergling x2  
  34  5:38  Drone  
  34  5:41  Hydralisk  
  37  5:49  Hydralisk  
  36  5:58  Roach  
  36  6:04  Drone  
  38  6:14  Hydralisk  
  40  6:23  Hydralisk  
  40  6:30  Hydralisk  
  41  6:36  Zergling x2  
  39  6:42  Drone  
  39  6:46  Drone  
  38  6:51  Zergling x2  
  39  6:56  Drone  
  37  7:04  Zergling x2  
  36  7:10  Drone  
  36  7:15  Drone  
  38  7:21  Drone  
  38  7:27  Drone  
  39  7:33  Drone  
  38  7:39  Drone  
  39  7:45  Drone  
  40  7:52  Roach  
  40  7:57  Zergling x2  
  41  8:04  Drone  
  41  8:09  Drone  
  37  8:15  Zergling x2  
  25  8:22  Zergling x2  
  16  8:54  Drone  
  16  8:55  Drone  
Tags
 
Add a new tag
Caveats
  • Supply blocks, unpowered buildings, or Contaminate may cause inaccurate times.
  • Supply counts are checked every 10 seconds.